 Dungeon Sprint DCSS version 0.21.1-1-g345015f (webtiles) character file.

0 Psiloshibe the Carver (level 5, 19/49 HPs)
             Began as a Barachi Berserker on June 10, 2018.
             Was a Believer of Trog.
             Quit the game in the Dungeon (Sprint VI: "Thunderdome").
             The game lasted 00:00:50 (41 turns).

Psiloshibe the Carver (Barachi Berserker)             Turns: 41, Time: 00:00:51

Health: 19/49      AC:  2    Str: 17    XL:     5   Next: 64%
Magic:  5/5        EV: 13    Int: 11    God:    Trog [**....]
Gold:   20         SH:  0    Dex: 12    Spells: 4/4 levels left

rFire    . . .     SeeInvis .   a - +0 falchion
rCold    . . .     Gourm    .   (no shield)
rNeg     + . .     Faith    .   b - +0 animal skin
rPois    +         Spirit   .   (no helmet)
rElec    +         Reflect  .   (no cloak)
rCorr    .         Harm     .   (no gloves)
MR       .....     NoTele   +   (no boots)
Stlth    ++........             s - amulet "Pucrod" {RegenMP rPois}
HPRegen  0.16/turn              q - ring "Hoqu" {Wiz Int+4 Slay+3}
MPRegen  0.34/turn              r - ring "Ytwebio" {rElec rN+ Str-2 Stlth+}

@: berserk cooldown, slowed, very slow
A: +LOS, swims, slowness 1, strong legs 1
a: Hop, Berserk, Trog's Hand, Burn Spellbooks, Renounce Religion


You were in the Dungeon.
You worshipped Trog.
Trog was pleased with you.
You were not hungry.

You visited 1 branch You collected 200 gold pieces.
You spent 180 gold pieces at shops.

Inventory:

Hand Weapons
 a - a +0 falchion (weapon)
Armour
 b - a +0 animal skin (worn)
Jewellery
 p - the amulet "Caro" {Inacc *Slow +Fly Dex+6}
   (You bought it in a shop in the Dungeon)

   [amulet of inaccuracy]

   It reduces the accuracy of all your attacks.
   It affects your dexterity (+6).
   It lets you fly.
   It may slow you when you take damage.
 q - the ring "Hoqu" (left hand) {Wiz Int+4 Slay+3}
   (You bought it in a shop in the Dungeon)

   [ring of wizardry]

   It improves your spell success rate.
   It affects your intelligence (+4).
   It affects your accuracy and damage with ranged weapons and melee attacks
   (+3).
 r - the ring "Ytwebio" (right hand) {rElec rN+ Str-2 Stlth+}
   (You bought it in a shop in the Dungeon)

   [ring of positive energy]

   It affects your strength (-2).
   It insulates you from electricity.
   It protects you from negative energy.
   It makes you more stealthy.
 s - the amulet "Pucrod" (around neck) {RegenMP rPois}
   (You bought it in a shop in the Dungeon)

   [amulet of magic regeneration]

   It increases your magic regeneration.
   It protects you from poison.
Wands
 k - a wand of acid (5)
 l - a wand of iceblast (5)
 o - a wand of random effects (22)
Scrolls
 i - 4 scrolls of blinking
 m - 3 scrolls of fog
Potions
 d - a potion of curing
 e - 4 potions of heal wounds
 f - 4 potions of haste
 g - 2 potions of magic
 h - a potion of berserk rage
 j - 2 potions of resistance
Comestibles
 c - a ration
 n - 3 chunks of flesh


   Skills:
 + Level 8.2 Fighting
 + Level 8.6 Long Blades
 * Level 4.7 Throwing
 + Level 4.2 Armour
 + Level 4.0 Dodging


You had 4 spell levels left.
You didn't know any spells.

Dungeon Overview and Level Annotations

Branches:
Dungeon (1/1)

Altars:
Fedhas
Gozag
Kikubaaqudgha
Okawaru
Qazlal
Ru
Uskayaw
Vehumet
Wu Jian
The Shining One
Beogh

Shops:
D *[%???:(


Innate Abilities, Weirdness & Mutations

Shadows flee at your approach. (+LOS)
You can swim through water.
You cover ground slowly.
You can hop short distances.


Message History

There is an entrance to Fydoen's Jewellery here.
p - a twitching jade amulet;
q - a fine brass ring
r - a heavily runed pewter ring Thank you for shopping at Fydoen's Jewellery!
Put on which piece of jewellery? (? for menu, Esc to quit)
You feel agile.
p - the amulet "Caro" (around neck) {Inacc *Slow +Fly Dex+6} You remove the amulet "Caro" {Inacc *Slow +Fly Dex+6}.
s - a flickering lead amulet Thank you for shopping at Fydoen's Jewellery!
Put on which piece of jewellery? (? for menu, Esc to quit)
The amulet hums as it attunes itself to your energized body.
s - the amulet "Pucrod" (around neck) {RegenMP rPois} Put on which piece of jewellery? (? for menu, Esc to quit)
You feel clever.
q - the ring "Hoqu" (left hand) {Wiz Int+4 Slay+3} Put on which piece of jewellery? (? for menu, Esc to quit)
You feel weaker.
r - the ring "Ytwebio" (right hand) {rElec rN+ Str-2 Stlth+} Are you sure you want to abandon this character and quit the game? (Confirm with "yes".)

#∩.......∩ #_......._
#........_ #_......._
###.........
#⌠..........
######.8.........
##∩__...)...# ...
###@........8.# .8.
#.............###...
#⌠..........###...#
#⌠..........# #.<.#
#⌠..........# #...#
##.............###...
###∩........8. .8.
##∩___......# ...
######.8.... ...


There were no monsters in sight!

Vanquished Creatures
  Sigmund (D)
  A hound (D)
  A quokka (D)
3 creatures vanquished.

Notes
Turn   | Place    | Note
-------+----------+-------------------------------------------
     0 | D        | Psiloshibe the Barachi Berserker began the quest for the Orb.
     0 | D        | Reached XP level 1. HP: 18/18 MP: 1/1
     0 | D        | Found an ancient bone altar of Kikubaaqudgha.
     0 | D        | Found an ornate altar of the Wu Jian Council.
     3 | D        | Found an iron altar of Okawaru.
     4 | D        | Found a blossoming altar of Fedhas.
     5 | D        | Found a hide-covered altar of Uskayaw.
     5 | D        | Found a glowing golden altar of the Shining One.
     5 | D        | Round 1.
     5 | D        | Noticed Sigmund
     6 | D        | Found Qexzyq's Delicious Food.
     6 | D        | Found a radiant altar of Vehumet.
     6 | D        | Found Jotoxus's Identification Station.
     6 | D        | Found a sacrificial altar of Ru.
     8 | D        | Found Fydoen's Jewellery.
     8 | D        | Found an opulent altar of Gozag.
     8 | D        | Found Hodghoys's Advanced Armour.
     8 | D        | Found a stormy altar of Qazlal.
     8 | D        | Found a roughly hewn altar of Beogh.
     8 | D        | Found Omitosiff's Magic Scroll Shop.
     8 | D        | Found Afrechim's Staff Store.
     9 | D        | Noticed a hound
    14 | D        | Killed Sigmund
    14 | D        | Reached XP level 2. HP: 19/32 MP: 2/2
    14 | D        | Reached XP level 3. HP: 22/37 MP: 3/3
    14 | D        | Reached XP level 4. HP: 26/44 MP: 4/4
    14 | D        | Reached XP level 5. HP: 29/49 MP: 5/5
    18 | D        | Reached ** piety under Trog
    22 | D        | Found Zojum's Magic Scroll Shop.
    23 | D        | Found Boir's Must-Have Magic.
    36 | D        | Bought a twitching jade amulet for 45 gold pieces
    36 | D        | Bought a fine brass ring for 45 gold pieces
    36 | D        | Bought a heavily runed pewter ring for 45 gold pieces
    36 | D        | Identified the amulet "Caro" {Inacc *Slow +Fly Dex+6} (You bought it in a shop in the Dungeon)
    38 | D        | Bought a flickering lead amulet for 45 gold pieces
    38 | D        | Identified the amulet "Pucrod" {RegenMP rPois} (You bought it in a shop in the Dungeon)
    39 | D        | Identified the ring "Hoqu" {Wiz Int+4 Slay+3} (You bought it in a shop in the Dungeon)
    40 | D        | Identified the ring "Ytwebio" {rElec rN+ Str-2 Stlth+} (You bought it in a shop in the Dungeon)
    41 | D        | Quit the game

Skill      XL: |  1  2  3  4  5 |
---------------+----------------+-----
Fighting       | 7 8 |  8.2
Long Blades    | 8 |  8.6
Throwing       | 4 |  4.7
Armour         | 4 |  4.2
Dodging        | 3 4 |  4.0

Action                   |  1- 3 |  4- 6 || total
-------------------------+-------+-------++-------
Melee: Falchion          |     6 |     5 ||    11
Invok: Berserk           |     1 |       ||     1
Dodge: Dodged            |     1 |     3 ||     4
       Rpst.: Falchion   |       |     1 ||     1
